Map: Blueshift LE

Players

Has - Winner!

  • Race: Protoss Protoss
  • Spawn Location: 7:00

TIME (Oliveira)

  • Race: Terran Terran
  • Spawn Location: 1:00

Event: WCS Montreal 2018

VOD

Have the link to the VOD?

Description

Time

  • Played on: Sept. 8, 2018, 1:19 p.m.
  • Length: 6:43

All games in this series

Show
View Real Time Build Order
Export as new Build Order

Has Protoss - Winner!

Build Orders: 1 Gate Expand 

Get SALT Encoding   

  12  0:00  Probe  
  13  0:12  Probe  
  14  0:17  Pylon  
  14  0:23  Probe  
  15  0:31  Probe  
  16  0:37  Gateway  
  16  0:39  Probe  
  17  0:50  Probe  
  17  0:54  Assimilator  
  18  0:58  Probe  
  19  1:06  Probe  
  20  1:23  Nexus  
  20  1:33  Cybernetics Core  
  21  1:41  Zealot  
  21  1:44  Assimilator  
  22  1:52  Pylon  
  22  1:53  Probe  
  23  2:00  Stalker  
  23  2:10  Probe  
  23  2:12  Warp Gate  
  24  2:22  Probe  
  24  2:32  Stalker  
  24  2:35  Probe  
  27  2:43  Probe  
  28  2:47  Probe  
  28  2:55  Probe  
  28  2:57  Stalker  
  29  2:59  Probe  
  30  3:08  Probe  
  30  3:11  Probe  
  33  3:20  Probe  
  33  3:23  Probe  
  33  3:25  Stalker  
  33  3:32  Probe  
  36  3:35  Probe  
  36  3:40  Robotics Facility  
  35  3:47  Stalker  
  35  3:52  Gateway  
  35  3:53  Pylon, Gateway  
  35  4:03  Probe  
  35  4:09  Probe  
  37  4:11  Pylon  
  37  4:18  Warp Prism  
  38  4:26  Stalker  
  41  4:31  Shield Battery  
  41  4:38  Pylon  
  41  4:47  Stalker  
  41  4:48  Stalker  
  45  5:06  Stalker  
  47  5:13  Stalker  
  49  5:15  Probe  
  49  5:18  Stalker  
  52  5:25  Probe  
  52  5:28  Probe  
  54  5:37  Probe  
  54  5:42  Stalker x2  
  59  5:44  Probe  
  60  5:51  Observer  
  60  5:56  Probe  
  62  5:57  Pylon  
  62  6:01  Pylon  
  62  6:08  Probe  
  62  6:18  Stalker x2  
  60  6:21  Probe  
Show
View Real Time Build Order
Export as new Build Order

TIME Terran 

Build Orders: Cyclone Opening 

Get SALT Encoding   

  12  0:00  SCV  
  13  0:12  SCV  
  14  0:18  Supply Depot  
  14  0:24  SCV  
  15  0:40  Barracks  
  15  0:44  Refinery  
  15  0:46  SCV  
  16  0:52  Refinery  
  16  0:58  SCV  
  17  1:10  SCV  
  18  1:28  Reaper, Orbital Command  
  19  1:46  Factory  
  19  1:49  Supply Depot  
  19  1:54  SCV  
  20  2:00  Reaper  
  21  2:06  SCV  
  22  2:18  SCV  
  25  2:30  Cyclone, SCV  
  25  2:35  Starport  
  26  2:40  Supply Depot  
  26  2:42  SCV  
  27  2:54  SCV  
  28  3:02  Cyclone  
  31  3:06  SCV  
  32  3:16  Medivac  
  32  3:18  SCV  
  35  3:31  SCV  
  35  3:33  Liberator  
  33  3:37  Command Center  
  33  3:40  Cyclone  
  39  3:58  Supply Depot  
  38  4:12  Barracks  
  38  4:14  Barracks  
  38  4:21  SCV  
  37  4:36  Starport Tech Lab  
  37  4:39  SCV  
  38  4:45  Engineering Bay  
  38  4:46  Supply Depot  
  38  4:48  Orbital Command  
  38  4:53  SCV, Barracks Reactor  
  39  5:02  Barracks Tech Lab  
  39  5:06  Orbital Command  
  36  5:08  Cloaking Field, Barracks Tech Lab  
  36  5:09  Banshee  
  36  5:11  SCV  
  40  5:14  Bunker  
  40  5:20  Marine  
  41  5:25  Refinery  
  41  5:26  Marine  
  42  5:33  SCV, Marine x2  
  42  5:39  Marauder  
  37  5:48  Marine  
  37  5:51  Marine x2  
  37  5:57  SCV  
  40  5:58  SCV  
  40  5:59  Widow Mine  
  40  6:00  Marauder  
  45  6:05  Marine  
  45  6:08  Marine  
  45  6:09  SCV, Marine  
  37  6:22  Marauder  
  37  6:23  Marine  
Tags
 
Add a new tag
Caveats
  • Supply blocks, unpowered buildings, or Contaminate may cause inaccurate times.
  • Supply counts are checked every 10 seconds.